[Event "*** Titled Tuesday Blitz"]
[Site "Chess.com"]
[Date "2021.03.30"]
[Round "9"]
[White "wonderfultime"]
[Black "DanielNaroditsky"]
[Result "0-1"]
[WhiteElo "2988"]
[BlackElo "3063"]
[TimeControl "180+1"]
[EndTime "11:45:52 PDT"]
[Termination "DanielNaroditsky won by resignation"]

1. d4 d6 2. Nf3 Bg4 3. Bg5 c6 4. c3 Nd7 5. Nbd2 Ngf6 6. e4 e5 7. h3 Bh5 8. Bd3 Be7 9. O-O O-O 10. Re1 Qc7 11. Qb3 Rfe8 12. Nh4 h6 13. Bxf6 Bxf6 14. Nf5 Bg6 15. Nf3 Bxf5 16. exf5 d5 17. dxe5 Nxe5 18. Nxe5 Bxe5 19. c4 dxc4 20. Bxc4 b5 21.
Bf1 Bd4 22. Rxe8+ Rxe8 23. Rd1 Qf4 24. Qc2 c5 25. b3 a6 26. Bd3 h5 27. Rf1 h4 28. a4 Be5 29. g3 hxg3 30. Kg2 gxf2 31. Qxf2 Qh2+ 32. Kf3 Qxh3+ 33. Ke4 Bd4+ 0-1

[Event "*** Titled Tuesday Blitz"]
[Site "Chess.com"]
[Date "2021.03.30"]
[Round "9"]
[White "Bigfish1995"]
[Black "Sadykov_Ramil"]
[Result "1-0"]
[WhiteElo "2989"]
[BlackElo "2600"]
[TimeControl "180+1"]
[EndTime "11:45:52 PDT"]
[Termination "Bigfish1995 won by checkmate"]

1. g4 d5 2. g5 e5 3. d4 exd4 4. Qxd4 c5 5. Qd1 Nc6 6. Bg2 Be6 7. Nh3 Be7 8. Nc3 d4 9. Ne4 f5 10. Ng3 Bd6 11. Nf4 Bxf4 12. Bxf4 Nge7 13. h4 Nd5 14. Bd2 Qd6 15. c4 Nf4 16. Bxc6+ bxc6 17. Qa4 O-O 18. O-O-O Rab8 19. b3 d3 20. Bc3 Qc7 21. exd3 Rfd8 22. Kc2 Nxd3 23. Rxd3 Rxd3 24. Kxd3 Rd8+ 25. Kc2 Qf4 26.
Qxc6 Qxf2+ 27. Kb1 Bxc4 28. Qc7 Bd3+ 29. Ka1 Re8 30.
Qxg7# 1-0

[Event "*** Titled Tuesday Blitz"]
[Site "Chess.com"]
[Date "2021.03.30"]
[Round "9"]
[White "Mili_Brizzi"]
[Black "Djager97"]
[Result "0-1"]
[WhiteElo "2290"]
[BlackElo "2481"]
[TimeControl "180+1"]
[EndTime "11:45:53 PDT"]
[Termination "Djager97 won by resignation"]

1. e4 e5 2. Nf3 Nc6 3. d4 exd4 4. Nxd4 Nf6 5. Nxc6 bxc6 6. e5 Qe7 7. Qe2 Nd5 8.
c4 Nb6 9. Nc3 a5 10. Qe4 g6 11.
Bd3 Bg7 12. f4 O-O 13. O-O Ba6 14. Bd2 Rfe8 15. Rae1 Bxc4 16. Bxc4 Qc5+ 17. Kh1 Nxc4 18. Bc1 d5 19. Qf3 a4 20. Qg3 a3 21. b3 Nb2 22. f5 d4 23. fxg6 fxg6 24. Ne4 Qd5 25.
Nf6+ Bxf6 26. exf6 Qf7 27. Bf4 d3 28. Rxe8+ Rxe8 29. Bxc7 d2 30. Be5 d1=Q 0-1

[Event "*** Titled Tuesday Blitz"]
[Site "Chess.com"]
[Date "2021.03.30"]
[Round "9"]
[White "chessdjw"]
[Black "Kretov_Evgenij"]
[Result "1-0"]
[WhiteElo "2767"]
[BlackElo "2567"]
[TimeControl "180+1"]
[EndTime "11:45:54 PDT"]
[Termination "chessdjw won by resignation"]

1. e4 c5 2. Nf3 Nc6 3. Bb5 a6 4.
Bxc6 dxc6 5. O-O Qc7 6. a4 a5 7. Na3 e5 8. Nc4 Bd6 9. c3 Be6 10.
Nxd6+ Qxd6 11. d4 cxd4 12. cxd4 exd4 13. Nxd4 Rd8 14. Be3 Nf6 15. Qe1 Nxe4 16. Nxe6 Qxe6 17. Qxa5 O-O 18. Rfe1 Rd5 19. Qb4 Nd6 20. Bc5 Qd7 21. Rad1 Re8 22. Bxd6 Rxe1+ 23. Rxe1 Rxd6 24. Qxb7 g6 25. Qxd7 Rxd7 26. a5 Rb7 27. a6 Rxb2 28. a7 Ra2 29.
Re8+ 1-0

[Event "*** Titled Tuesday Blitz"]
[Site "Chess.com"]
[Date "2021.03.30"]
[Round "9"]
[White "Goryachkina"]
[Black "anon481216"]
[Result "1-0"]
[WhiteElo "2642"]
[BlackElo "2524"]
[TimeControl "180+1"]
[EndTime "11:45:54 PDT"]
[Termination "Goryachkina won by resignation"]

1. e4 c5 2. Nf3 e6 3. c3 d5 4. exd5 Qxd5 5. d4 Nf6 6. Na3 cxd4 7. Nb5 Na6 8. Qxd4 Bd7 9. Be3 Qxd4 10. Bxd4 b6 11.
Ne5 Nd5 12. Be2 f6 13. Nxd7 Kxd7 14. Bf3 Nac7 15. Nxc7 Kxc7 16. c4 Nb4 17. Bxa8 Nc2+ 18. Kf1 Nxd4 19. g3 e5 20. Kg2 Bc5 21. Bd5 a5 22. Rhe1 Kd6 23. Rad1 b5 24. f4 Rb8 25. b3 h6 26. fxe5+ fxe5 27. Re4 b4 28. h4 Rf8 29. Rf1 Rxf1 30. Kxf1 Nf5 31. Kg2 Ne3+ 32. Kf3 Nxd5 33. cxd5 Kxd5 34. Rg4 Bf8 35. h5 Ke6 36. Ke4 Kf6 37. Rg6+ Kf7 38. Kxe5 1-0

[Event "*** Titled Tuesday Blitz"]
[Site "Chess.com"]
[Date "2021.03.30"]
[Round "9"]
[White "tusplingher"]
[Black "Oligan22"]
[Result "0-1"]
[WhiteElo "2307"]
[BlackElo "2516"]
[TimeControl "180+1"]
[EndTime "11:45:54 PDT"]
[Termination "Oligan22 won by resignation"]

1. e4 d6 2. d4 Nf6 3. Nc3 e5 4. Nf3 Nbd7 5. Bc4 Be7 6. dxe5 dxe5 7. Bxf7+ Kxf7 8. Ng5+ Kg8 9. Ne6 Qe8 10. Nxc7 Qg6 11. N3d5 Qxe4+ 12. Be3 Nxd5 13. Nxd5 Bf6 14. f3 Qh4+ 15.
g3 Qc4 16. b3 Qc6 17. O-O Kf7 18. f4 e4 19. Rc1 Nb6 20. Bxb6 axb6 21. c4 Rxa2 22.
Rc2 Rxc2 23. Qxc2 Be6 24. Nxf6 gxf6 25. f5 Qc5+ 26. Kh1 Bxf5 27. Qe2 e3 28. Qh5+ Bg6 29.
Qe2 Rd8 30. Qb2 Be4+ 31. Kg1 e2+ 0-1

[Event "*** Titled Tuesday Blitz"]
[Site "Chess.com"]
[Date "2021.03.30"]
[Round "9"]
[White "Chopper1905"]
[Black "GMRafpig"]
[Result "1-0"]
[WhiteElo "2919"]
[BlackElo "2596"]
[TimeControl "180+1"]
[EndTime "11:45:55 PDT"]
[Termination "Chopper1905 won by resignation"]

1. d4 Nf6 2. c4 e6 3. g3 d5 4. Bg2 Bb4+ 5. Nc3 O-O 6. Bg5 h6 7. Bxf6 Qxf6 8. Nf3 dxc4 9. Qa4 Nc6 10. a3 Bxc3+ 11. bxc3 e5 12. Qxc4 exd4 13. Nxd4 Ne5 14. Qxc7 Bg4 15. O-O Rac8 16. Qxb7 Rxc3 17. Qxa7 Nc4 18.
Rfc1 Rxc1+ 19. Rxc1 Nb6 20. e3 Bd7 21. Rb1 Rc8 22.
h4 Bf5 23. Rxb6 Rc1+ 24. Kh2 1-0

[Event "*** Titled Tuesday Blitz"]
[Site "Chess.com"]
[Date "2021.03.30"]
[Round "9"]
[White "GOGIEFF"]
[Black "liczner"]
[Result "0-1"]
[WhiteElo "2893"]
[BlackElo "2836"]
[TimeControl "180+1"]
[EndTime "11:45:56 PDT"]
[Termination "liczner won by resignation"]

1. d4 Nf6 2. c4 g6 3. Nc3 d5 4.
cxd5 Nxd5 5. e4 Nxc3 6. bxc3 Bg7 7. Bc4 c5 8. Ne2 Nc6 9. Be3 O-O 10. O-O cxd4 11.
cxd4 Na5 12. Bd3 b6 13. Rc1 e6 14. Qd2 Bb7 15. Bh6 Qe7 16. Bxg7 Kxg7 17. Qf4 Rac8 18. h4 Qf6 19. Qg3 Nc6 20. e5 Qe7 21. h5 Nb4 22. Bb1 Ba6 23. Rce1 Nc2 24. Nf4 Bxf1 25. Rxf1 Nxd4 26. hxg6 fxg6 27. Re1 Qf7 28. Nh5+ Kh8 29. Nf6 Rc1 30. Qe3 Rxe1+ 31. Qxe1 Nc6 32. f4 Ne7 33.
Kh2 Ng8 0-1

[Event "*** Titled Tuesday Blitz"]
[Site "Chess.com"]
[Date "2021.03.30"]
[Round "9"]
[White "Pikachess999"]
[Black "LileKoridze"]
[Result "1/2-1/2"]
[WhiteElo "2363"]
[BlackElo "2490"]
[TimeControl "180+1"]
[EndTime "11:45:58 PDT"]
[Termination "Game drawn by repetition"]

1. e4 c5 2. a3 d6 3. b4 cxb4 4.
axb4 a6 5. Nc3 Nc6 6. b5 Nb8 7. Nf3 e5 8. d4 exd4 9. Nxd4 Nf6 10. Be3 Be7 11. f3 O-O 12. Be2 Nbd7 13. O-O Ne5 14. Qd2 Be6 15. Nxe6 fxe6 16. bxa6 bxa6 17. Rxa6 Qc7 18.
Rfa1 Rxa6 19. Rxa6 Rc8 20. Bd4 Nc4 21. Qd3 Qb7 22.
Ra7 Qb4 23. Rxe7 Nb2 24. Qe3 e5 25. Nd5 Nxd5 26. exd5 Qxd4 27. Qxd4 exd4 28. Bd3 Nxd3 29. cxd3 Rc5 30. Kf2 Rxd5 31. Re4 Kf7 32. f4 Kf6 33. Kf3 h5 34. g3 g5 35. h3 gxf4 36. gxf4 Kf5 37.
Kg3 Kf6 38. Kf3 Kg6 39. Kg3 Kf6 40. Kf3 1/2-1/2

[Event "*** Titled Tuesday Blitz"]
[Site "Chess.com"]
[Date "2021.03.30"]
[Round "9"]
[White "wadsy27"]
[Black "OK97"]
[Result "1/2-1/2"]
[WhiteElo "2577"]
[BlackElo "2782"]
[TimeControl "180+1"]
[EndTime "11:46:00 PDT"]
[Termination "Game drawn by repetition"]

1. c4 e5 2. g3 Nf6 3. Bg2 d5 4. cxd5 Nxd5 5. Nc3 Nxc3 6. bxc3 Bc5 7. d3 Nc6 8. Nf3 O-O 9. O-O Re8 10. Nd2 Be6 11. Qa4 Qd7 12. Ba3 Bb6 13. Qc2 Bh3 14. Rab1 Bxg2 15.
Kxg2 Re6 16. Nf3 Rh6 17. h4 Re8 18. Qa4 Rhe6 19. c4 e4 20. Ng5 exd3 21. Nxe6 dxe2 22.
Rfe1 Qxe6 23. Rb2 Nd4 24. c5 Qe4+ 25. Kh3 Qf5+ 26. Kg2 Qe4+ 27. Kh3 Qf5+ 28. Kg2 Qe4+ 1/2-1/2

[Event "*** Titled Tuesday Blitz"]
[Site "Chess.com"]
[Date "2021.03.30"]
[Round "9"]
[White "kuba2006"]
[Black "volunteers1998"]
[Result "0-1"]
[WhiteElo "2330"]
[BlackElo "2206"]
[TimeControl "180+1"]
[EndTime "11:46:01 PDT"]
[Termination "volunteers1998 won by resignation"]

1. e4 c5 2. Nf3 Nc6 3. d4 cxd4 4. Nxd4 Nf6 5. Nc3 e5 6. Ndb5 d6 7.
Bg5 a6 8. Bxf6 gxf6 9. Na3 b5 10. Nd5 Be6 11. c3 Bg7 12. Bd3 f5 13. O-O Bxd5 14. exd5 Ne7 15. Qh5 e4 16. Bc2 O-O 17. f3 b4 18. Nc4 bxc3 19. b3 Qd7 20. fxe4 fxe4 21. Bxe4 f5 22. Bc2 Nxd5 23. Bxf5 Nf6 24. Bxd7 Nxh5 25.
Be6+ Kh8 26. Nxd6 c2 27. Rac1 Bd4+ 28. Kh1 Rxf1+ 29. Rxf1 Be3 30. Bd5 Rb8 31. Bf3 Nf4 32. g3 Nd3 33. Nc4 c1=Q 34. Rxc1 Bxc1 35. Be4 Nf2+ 0-1

[Event "*** Titled Tuesday Blitz"]
[Site "Chess.com"]
[Date "2021.03.30"]
[Round "9"]
[White "zurzan"]
[Black "DonPreuss"]
[Result "1-0"]
[WhiteElo "1993"]
[BlackElo "2255"]
[TimeControl "180+1"]
[EndTime "11:46:03 PDT"]
[Termination "zurzan won on time"]

1. f4 e5 2. fxe5 d6 3. exd6 Bxd6 4. Nf3 g5 5. g3 g4 6. Nh4 Ne7 7. d4 Ng6 8. Nxg6 hxg6 9. Qd3 Nc6 10. c3 Qe7 11. e4 Bf5 12. Bg2 O-O-O 13. O-O Be6 14. Bf4 Bxf4 15. Rxf4 Ne5 16. Qb5 Nf3+ 17. Bxf3 gxf3 18.
Rxf3 Rh3 19. Rf2 a6 20. Qf1 Rdh8 21. Nd2 f5 22. Re1 Qd7 23. d5 Bf7 24. c4 Kb8 25. e5 Bxd5 26. cxd5 Qxd5 27. e6 Rxg3+ 28. Rg2 Qd4+ 29.
Qf2 Rxg2+ 30. Kxg2 Qg4+ 31. Qg3 Qb4 32. Re2 g5 33. e7 Re8 34. Qxg5 Qc5 35. Qe3 Qd5+ 36. Nf3 Qxa2 37. b4 Qd5 38. Qe5 Qd3 39. Rd2 Rg8+ 40. Kf2 1-0

[Event "*** Titled Tuesday Blitz"]
[Site "Chess.com"]
[Date "2021.03.30"]
[Round "9"]
[White "KacperPolOK"]
[Black "grandcoach"]
[Result "1-0"]
[WhiteElo "2436"]
[BlackElo "2263"]
[TimeControl "180+1"]
[EndTime "11:46:04 PDT"]
[Termination "KacperPolOK won on time"]

1. e4 c5 2. Nc3 Nc6 3. Bb5 Nd4 4. Bc4 g6 5. Nf3 Bg7 6. Nxd4 cxd4 7. Qf3 Nf6 8. Ne2 d5 9. exd5 Bg4 10. Bb5+ Kf8 11.
Qb3 Nxd5 12. h3 Be6 13. Bc4 Rc8 14. d3 a6 15. O-O b5 16. Bxd5 Bxd5 17. Qb4 Rxc2 18.
Nf4 Bb7 19. Re1 h5 20. Bd2 g5 21. Ne2 a5 22. Qxb5 Bc6 23. Qxa5 Qxa5 24. Bxa5 g4 25.
Rac1 Rxc1 26. Rxc1 Bd7 27. Rc7 Ke8 28. Ra7 Bc6 29.
h4 Be5 30. Bc7 1-0

[Event "*** Titled Tuesday Blitz"]
[Site "Chess.com"]
[Date "2021.03.30"]
[Round "9"]
[White "XDPS"]
[Black "profofchess"]
[Result "1-0"]
[WhiteElo "2754"]
[BlackElo "2442"]
[TimeControl "180+1"]
[EndTime "11:46:08 PDT"]
[Termination "XDPS won by resignation"]

1. e4 e6 2. b3 d5 3. Bb2 Nf6 4. e5 Nfd7 5. f4 c5 6. Nf3 Nc6 7. c3 a6 8. Na3 b5 9. Nc2 c4 10. h4 Nc5 11. Ncd4 Bd7 12. Nxc6 Bxc6 13. Nd4 Rc8 14.
h5 h6 15. Qg4 Ne4 16. d3 cxd3 17. Bxd3 b4 18. c4 dxc4 19. Bxc4 Nc3 20. Nxe6 Qb6 21.
Nxf8 Qe3+ 22. Kf1 Rxf8 23. Qxc8+ Ke7 24. Qc7+ Bd7 25. Qd6+ Ke8 26. Qb8+ Ke7 27. Qxb4+ Ke8 28. Qb8+ Ke7 29. Ba3+ 1-0

[Event "*** Titled Tuesday Blitz"]
[Site "Chess.com"]
[Date "2021.03.30"]
[Round "9"]
[White "Firouzja2003"]
[Black "Alexsur1981"]
[Result "1/2-1/2"]
[WhiteElo "3106"]
[BlackElo "2901"]
[TimeControl "180+1"]
[EndTime "11:46:11 PDT"]
[Termination "Game drawn by agreement"]

1. d4 d5 2. Bg5 c6 3. e3 Qb6 4.
b3 Bf5 5. Nf3 Nd7 6. Be2 Ngf6 7.
O-O e6 8. c4 Be7 9. Nc3 O-O 10.
Nh4 Bg6 11. Nxg6 hxg6 12. Rc1 Qa5 13. h4 Bb4 14. Bxf6 Nxf6 15. Qc2 Bxc3 16. Qxc3 Qxc3 17. Rxc3 a5 18. f3 Rfd8 19. Kf2 Kf8 20. Rfc1 Ke7 21. Bd3 Ne8 22. cxd5 exd5 23. a4 Nc7 24. g4 Ne6 25. Kg3 g5 26. hxg5 Nxg5 27. Rh1 Ne6 28. Rcc1 g6 29.
Rh7 Nf8 30. Rh6 Ne6 31. f4 Rh8 32. Rch1 Rxh6 33. Rxh6 Rb8 34. f5 gxf5 35. Bxf5 Ng7 36. Kf4 Rg8 37. Bh7 Rh8 38. g5 Ne6+ 39. Kg4 Re8 40.
Bf5 Ng7 41. Bd3 Rg8 42. Rh7 Ne6 43. g6 Rg7 44. Rxg7 Nxg7 45. gxf7 Kxf7 46. Bf5 1/2-1/2

[Event "*** Titled Tuesday Blitz"]
[Site "Chess.com"]
[Date "2021.03.30"]
[Round "9"]
[White "ErikRonka"]
[Black "korbul"]
[Result "0-1"]
[WhiteElo "2412"]
[BlackElo "2581"]
[TimeControl "180+1"]
[EndTime "11:46:11 PDT"]
[Termination "korbul won by resignation"]

1. e4 c5 2. Nf3 e6 3. d4 cxd4 4. Nxd4 Nf6 5. Nc3 d6 6. Be3 a6 7. f3 b5 8. Qd2 Bb7 9. g4 Nc6 10. g5 Nd7 11. Nxc6 Bxc6 12. O-O-O Rc8 13. Ne2 Ne5 14.
Nd4 Nxf3 15. Nxf3 Bxe4 16. Bg2 Rxc2+ 17. Qxc2 Bxc2 18. Kxc2 Be7 19. h4 O-O 20. Nd4 d5 21. Kb1 Bd6 22. h5 Qd7 23. h6 g6 24. Bh3 Re8 25. Nb3 Qd8 26. Rc1 a5 27. Rhf1 a4 28.
Nc5 a3 29. Nb7 Qe7 30. Nxd6 Qxd6 31. Rf2 Qg3 32. Bxe6 fxe6 33. Bd4 Qd3+ 34. Ka1 Qxd4 35. Rcf1 axb2+ 36. Kb1 Rc8 37. Rf7 Rc1+ 38. Rxc1 bxc1=Q+ 39. Kxc1 Kxf7 0-1

[Event "*** Titled Tuesday Blitz"]
[Site "Chess.com"]
[Date "2021.03.30"]
[Round "9"]
[White "Nesty_Javi_Chess"]
[Black "VladDobrov"]
[Result "0-1"]
[WhiteElo "2618"]
[BlackElo "2761"]
[TimeControl "180+1"]
[EndTime "11:46:13 PDT"]
[Termination "VladDobrov won on time"]

1. e4 c5 2. Nf3 Nc6 3. d4 cxd4 4. Nxd4 Qb6 5. Nb3 Nf6 6. Nc3 e6 7. Be3 Qc7 8. Bd3 h5 9. f4 d6 10. Qe2 a6 11. O-O-O b5 12. Kb1 Bb7 13. Rhe1 Be7 14. h3 h4 15. Bf2 Rc8 16. e5 dxe5 17. fxe5 Nd7 18. Bg1 Qxe5 19. Qd2 Qc7 20. Qf2 Nf6 21. Ne4 Nb4 22. Nxf6+ Bxf6 23. c3 Nxd3 24. Rxd3 O-O 25. Nd4 Rfd8 26. Rdd1 Bd5 27. Qe3 Qa5 28. a3 Qa4 29.
Bf2 a5 30. Qf4 b4 31. cxb4 axb4 32. Bxh4 Bxh4 33. Qxh4 bxa3 34. Rd3 axb2 0-1

[Event "*** Titled Tuesday Blitz"]
[Site "Chess.com"]
[Date "2021.03.30"]
[Round "9"]
[White "kubal123"]
[Black "GAusal"]
[Result "0-1"]
[WhiteElo "2220"]
[BlackElo "2073"]
[TimeControl "180+1"]
[EndTime "11:46:13 PDT"]
[Termination "GAusal won by resignation"]

1. Nf3 d5 2. g3 c5 3. Bg2 Nc6 4. d3 h5 5. O-O e5 6. c4 d4 7.
e3 h4 8. exd4 h3 9. Bh1 exd4 10.
Re1+ Be7 11. Bg5 f6 12. Bc1 Bg4 13. Nbd2 Qc7 14. Ne4 O-O-O 15. Bf4 Qd7 16. Qa4 a6 17. a3 g5 18. Bd2 Qf5 19. Nfxg5 fxg5 20. Nxg5 Bxg5 21.
Bxg5 Qxg5 22. Bxc6 Qf6 23. Be4 Bf3 24. Qa5 Bxe4 25.
Rxe4 Qf3 26. Qxc5+ Kb8 27. Qe5+ Ka8 28. Kf1 Nf6 29. Rf4 Qg2+ 30. Ke2 Rhe8 31. Rxf6 Rxe5+ 32. Kd2 Rde8 0-1

[Event "*** Titled Tuesday Blitz"]
[Site "Chess.com"]
[Date "2021.03.30"]
[Round "9"]
[White "BozeKat"]
[Black "DonBroca"]
[Result "1-0"]
[WhiteElo "2039"]
[BlackElo "2220"]
[TimeControl "180+1"]
[EndTime "11:46:14 PDT"]
[Termination "BozeKat won on time"]

1. Nf3 Nf6 2. d4 e6 3. c4 b6 4. e3 Bb7 5. Be2 Be7 6. O-O O-O 7. Nc3 d5 8. Qc2 Nbd7 9. b3 Rc8 10. Ne5 c6 11. f4 Nxe5 12. fxe5 Nd7 13. Bd3 f5 14.
Bd2 Bg5 15. Rae1 c5 16. Nb5 cxd4 17. Nd6 dxe3 18. Bxe3 Bxe3+ 19. Rxe3 Rc7 20. Nxb7 Rxb7 21. cxd5 exd5 22. Bxf5 Nxe5 23. Be6+ Nf7 24. Ref3 d4 25. Qc4 Qe7 26. Re1 Qc7 27. Qxd4 Kh8 28. Bxf7 Qc5 29. Qxc5 bxc5 30. Bh5 1-0

[Event "*** Titled Tuesday Blitz"]
[Site "Chess.com"]
[Date "2021.03.30"]
[Round "9"]
[White "federicosellitti"]
[Black "Gloomy_Wanderer"]
[Result "0-1"]
[WhiteElo "2552"]
[BlackElo "2712"]
[TimeControl "180+1"]
[EndTime "11:46:15 PDT"]
[Termination "Gloomy_Wanderer won by checkmate"]

1. e4 c5 2. Nc3 a6 3. g3 b5 4.
Bg2 Bb7 5. d3 e6 6. f4 Nf6 7. Nf3 d5 8. e5 Nfd7 9. O-O Be7 10. Qe2 Nc6 11. f5 b4 12. Nxd5 exd5 13. f6 gxf6 14. exf6 Nxf6 15. Bg5 Qd6 16. Nh4 Nd4 17.
Qf2 Ng4 18. Qxf7+ Kd8 19. Qg7 Bxg5 20. Qxh8+ Kc7 21. Qg7+ Kb6 22. Qxg5 Ne2+ 23. Kh1 Nxg3+ 24. hxg3 Qxg3 25. Rf6+ Ka7 26. Nf3 Nf2+ 27. Kg1 Nh3+ 28. Kf1 Qf2# 0-1

[Event "*** Titled Tuesday Blitz"]
[Site "Chess.com"]
[Date "2021.03.30"]
[Round "9"]
[White "BvsN"]
[Black "Michaelson_11"]
[Result "1-0"]
[WhiteElo "2380"]
[BlackElo "2244"]
[TimeControl "180+1"]
[EndTime "11:46:15 PDT"]
[Termination "BvsN won by checkmate"]

1. c4 Nf6 2. Nc3 c5 3. Nf3 g6 4. e4 Nc6 5. d4 cxd4 6. Nxd4 Bg7 7. Be3 d6 8. Be2 O-O 9. O-O Bd7 10. Nc2 a5 11. Rc1 Nb4 12. Na3 Bc6 13. f3 Nd7 14. Qd2 Nc5 15. b3 a4 16. Nxa4 Nxa4 17. bxa4 Rxa4 18.
Rb1 Rxa3 19. Rxb4 Bc3 20. Qc1 Bxb4 21. Bh6 Bc5+ 22. Kh1 Re8 23. Qb2 e5 24. f4 Bxe4 25.
fxe5 Rxe5 26. Bf4 Rf5 27. Bg4 Rxf4 28. Rxf4 f5 29. Rxe4 fxe4 30. Be6+ Kf8 31. Bd5 Qe7 32. Qh8# 1-0

[Event "*** Titled Tuesday Blitz"]
[Site "Chess.com"]
[Date "2021.03.30"]
[Round "9"]
[White "swimmerchess"]
[Black "BilodeauA"]
[Result "0-1"]
[WhiteElo "2831"]
[BlackElo "2924"]
[TimeControl "180+1"]
[EndTime "11:46:17 PDT"]
[Termination "BilodeauA won by resignation"]

1. e4 e5 2. Nf3 Nc6 3. Bb5 a6 4. Ba4 d6 5. c3 Bd7 6. d4 Nge7 7. O-O Ng6 8. Re1 Be7 9. Nbd2 O-O 10. Nf1 Bg4 11.
Be3 Bf6 12. d5 Nb8 13. h3 Bc8 14. Ng3 Nh4 15. Nh5 g6 16. Nxf6+ Qxf6 17. Nh2 g5 18. Qh5 h6 19. Ng4 Bxg4 20. Qxg4 Qg7 21. Bc2 f6 22. g3 Ng6 23. h4 Nd7 24. h5 Nh8 25.
Kh2 f5 26. exf5 Nf6 27. Qf3 Nf7 28. Bd2 Rfe8 29. Be4 Nd8 30. g4 a5 31. a4 Qd7 32.
b4 axb4 33. cxb4 Rxa4 34. Rxa4 Qxa4 35. Rc1 Re7 36. Kg3 Qa2 37. Rc2 Qa6 38. Bd3 Qa1 39.
Rc1 Qa4 40. Bc2 Qa7 41. Bb3 Nf7 42. Qc3 Ne4+ 0-1

[Event "*** Titled Tuesday Blitz"]
[Site "Chess.com"]
[Date "2021.03.30"]
[Round "9"]
[White "UCantHandleDenker"]
[Black "NoGalloNoParty"]
[Result "1-0"]
[WhiteElo "2533"]
[BlackElo "2392"]
[TimeControl "180+1"]
[EndTime "11:46:17 PDT"]
[Termination "UCantHandleDenker won by resignation"]

1. Nf3 Nf6 2. g3 g6 3. d3 d5 4.
Bg2 Bg7 5. O-O O-O 6. Nbd2 c6 7. e4 Qc7 8. Qe2 dxe4 9. dxe4 e5 10. a4 a5 11. b3 Re8 12. Ba3 Be6 13. Rad1 Na6 14. Ng5 Bg4 15. f3 Bc8 16. Nc4 Nb4 17. c3 h6 18. Nd6 hxg5 19. Nxe8 Nxe8 20. cxb4 Be6 21. b5 Bxb3 22. Rc1 Bxa4 23. bxc6 Bxc6 24. Rfd1 Bf8 25.
Bxf8 Kxf8 26. Qd2 Nf6 27. Qxg5 Kg7 28. Bf1 a4 29. Bc4 a3 30. Ba2 Qa5 31. Qe3 Nd7 32.
Qb3 Rf8 33. Rxc6 bxc6 34. Rxd7 Qc5+ 35. Kg2 Qc1 36. Rxf7+ Kh6 37. Rxf8 1-0

[Event "*** Titled Tuesday Blitz"]
[Site "Chess.com"]
[Date "2021.03.30"]
[Round "9"]
[White "scandalgod"]
[Black "picturesquecheck"]
[Result "1-0"]
[WhiteElo "2477"]
[BlackElo "2274"]
[TimeControl "180+1"]
[EndTime "11:46:17 PDT"]
[Termination "scandalgod won by resignation"]

1. d4 Nf6 2. c4 e6 3. g3 Bb4+ 4. Bd2 Be7 5. Nf3 O-O 6. Bg2 d5 7. O-O c6 8. Qb3 b6 9. Bb4 Bb7 10. Nbd2 Nbd7 11. Rfd1 Rc8 12. Rac1 c5 13. Ba3 cxd4 14. Nxd4 dxc4 15. Nxc4 Bxg2 16. Kxg2 Bxa3 17. Qxa3 a5 18. Qd6 Rc5 19. Kg1 Rd5 20. Qc6 Qa8 21.
Qxa8 Rxa8 22. Nc6 Kf8 23. Rxd5 exd5 24. Nd6 Nc5 25. Nd4 Rd8 26. N6b5 Nfe4 27. a3 a4 28. Rd1 Nf6 29. f3 Ne6 30. Kf2 Nxd4 31. Rxd4 Rc8 32. Rxa4 Rc2 33. Rb4 g6 34. Nd4 Nd7 35. Nxc2 1-0

[Event "*** Titled Tuesday Blitz"]
[Site "Chess.com"]
[Date "2021.03.30"]
[Round "9"]
[White "deribas12345"]
[Black "TorFredrikKaasen"]
[Result "0-1"]
[WhiteElo "2608"]
[BlackElo "2746"]
[TimeControl "180+1"]
[EndTime "11:46:21 PDT"]
[Termination "TorFredrikKaasen won by resignation"]

1. d4 Nf6 2. c4 g6 3. Nc3 d5 4.
Bg5 Ne4 5. Bh4 Nxc3 6. bxc3 dxc4 7. Nf3 Bg7 8. e3 Be6 9. Qb1 b6 10. Ng5 Bd5 11. e4 h6 12. Nf3 Bb7 13. Bxc4 O-O 14. O-O Nc6 15. e5 Na5 16. Be2 Qd7 17. Rd1 e6 18. c4 Qa4 19. Nd2 c5 20. Ne4 Nxc4 21.
Nf6+ Kh8 22. dxc5 Nxe5 23. g4 Nf3+ 24. Bxf3 Bxf3 25. Re1 bxc5 26. h3 Rab8 27. Qd3 Ba8 28. Nd7 Qc6 29. f3 Bd4+ 30. Kh2 Qxd7 31. Bf6+ Kh7 32.
Rad1 Qc7+ 0-1

[Event "*** Titled Tuesday Blitz"]
[Site "Chess.com"]
[Date "2021.03.30"]
[Round "9"]
[White "ShapkinAnatoliy"]
[Black "bait_or_mate"]
[Result "0-1"]
[WhiteElo "2648"]
[BlackElo "2550"]
[TimeControl "180+1"]
[EndTime "11:46:22 PDT"]
[Termination "bait_or_mate won by resignation"]

1. d4 Nf6 2. c4 e6 3. g3 d5 4.
Nf3 Bb4+ 5. Bd2 Bd6 6. Bg2 c6 7. O-O Nbd7 8. Qc2 O-O 9. Bf4 Bxf4 10. gxf4 b6 11. Nbd2 Bb7 12. Rfc1 c5 13. cxd5 Nxd5 14.
e3 Rc8 15. Qa4 a6 16. Qa3 Qf6 17. dxc5 Nxc5 18. Ne5 Rfd8 19. Ndf3 h6 20. Nd4 Nxf4 21. Bxb7 Nh3+ 22. Kg2 Nxb7 23. Nec6 Nc5 24. Nxd8 Rxd8 25. Kxh3 Ne4 26. Kg2 Qxf2+ 27. Kh1 Rd5 28. Rg1 Rh5 29. Nf3 Qxf3+ 30. Rg2 Nf2+ 31. Kg1 Nh3+ 32. Kh1 Rg5 0-1

[Event "*** Titled Tuesday Blitz"]
[Site "Chess.com"]
[Date "2021.03.30"]
[Round "9"]
[White "Lyschko"]
[Black "Carnivoras"]
[Result "0-1"]
[WhiteElo "2255"]
[BlackElo "2569"]
[TimeControl "180+1"]
[EndTime "11:46:22 PDT"]
[Termination "Carnivoras won by resignation"]

1. c4 c6 2. e4 d5 3. exd5 cxd5 4. cxd5 Nf6 5. Nc3 Nxd5 6. Nf3 e6 7. d4 Be7 8. Bd3 O-O 9. O-O Nc6 10. Re1 Nxc3 11.
bxc3 b6 12. Bc2 Bb7 13. Qd3 g6 14. Bh6 Re8 15. Rad1 Rc8 16. Re3 Bf6 17. h4 Ne7 18. Bg5 Nd5 19. Bxf6 Qxf6 20. Re5 Rxc3 21. Qd2 Rec8 22.
Bb3 Rxf3 23. gxf3 Qxf3 24. Qe2 Qxe2 25. Rxe2 Nc3 26. Rc2 Nxd1 27. Rxc8+ Bxc8 28. Bxd1 Bb7 29. f3 Kg7 30. Kf2 Kf6 31. Ke3 Bd5 32. a3 h5 33.
Ba4 g5 34. hxg5+ Kxg5 35. Be8 f5 36. Bf7 h4 37. Kf2 Kf4 38. Bh5 h3 0-1

[Event "*** Titled Tuesday Blitz"]
[Site "Chess.com"]
[Date "2021.03.30"]
[Round "9"]
[White "vinniethepooh"]
[Black "elohunter1999"]
[Result "1-0"]
[WhiteElo "2675"]
[BlackElo "2541"]
[TimeControl "180+1"]
[EndTime "11:46:26 PDT"]
[Termination "vinniethepooh won by resignation"]

1. d4 Nf6 2. c4 e6 3. Nc3 d5 4. cxd5 Nxd5 5. e4 Nxc3 6. bxc3 c5 7. Nf3 cxd4 8. cxd4 Bb4+ 9. Bd2 Bxd2+ 10. Qxd2 O-O 11. Bc4 Nd7 12. O-O b6 13. Rad1 Bb7 14. Rfe1 Rc8 15. Bd3 h6 16. h3 Qe7 17. Qb2 Rc7 18. d5 exd5 19. exd5 Qf6 20. Qxf6 Nxf6 21. d6 Rc5 22. Ne5 Rd8 23. d7 Bd5 24. Rc1 Kf8 25. Rxc5 bxc5 26. Bb5 Bxa2 27. Ra1 Be6 28. Rxa7 c4 29. Kf1 c3 30.
Ke1 Ne4 31. Kd1 Nxf2+ 32. Kc2 Ne4 33. Nc6 Rxd7 34. Ra8+ 1-0

[Event "*** Titled Tuesday Blitz"]
[Site "Chess.com"]
[Date "2021.03.30"]
[Round "9"]
[White "GM_Crest"]
[Black "Gentlejimmy7"]
[Result "0-1"]
[WhiteElo "2698"]
[BlackElo "2511"]
[TimeControl "180+1"]
[EndTime "11:46:26 PDT"]
[Termination "Gentlejimmy7 won on time"]

1. d4 Nf6 2. c4 g6 3. Nc3 d5 4.
cxd5 Nxd5 5. Nf3 Bg7 6. Bg5 h6 7. Bh4 c5 8. Rc1 Nxc3 9. bxc3 O-O 10. e3 Nc6 11. Qd2 Qa5 12. d5 Rd8 13. c4 Nb4 14. Bxe7 Rd7 15. Bh4 Qxa2 16. Be2 Qxd2+ 17. Nxd2 a5 18.
Ne4 g5 19. Bg3 b6 20. h4 a4 21.
hxg5 hxg5 22. Kd2 a3 23. Nxg5 a2 24. Ra1 b5 25. e4 bxc4 26. Bxc4 Ba6 27. Bxa6 Rxa6 28. Rhc1 Bxa1 29. Rxa1 Nxd5 30. Nf3 Nb4+ 31. Kc1 Ra3 32. Be5 Nd3+ 33. Kc2 Nxe5 34. Nxe5 Rd4 35. f3 Re3 36. Ng4 Re2+ 37. Kc3 Rxg2 38. Nf6+ Kg7 39.
Nd5 Rf2 40. f4 Rxe4 0-1